Map: Acropolis LE

Players

Bly - Winner!

  • Race: Zerg Zerg
  • Spawn Location: 5:00

Mixu

  • Race: Zerg Zerg
  • Spawn Location: 11:00

Event: 2019 WCS Summer

VOD

Have the link to the VOD?

Description

Time

  • Played on: July 12, 2019, 6:22 a.m.
  • Length: 8:29

All games in this series

Show
View Real Time Build Order
Export as new Build Order

Bly Zerg - Winner!

Build Orders: Hatch First 

Get SALT Encoding   

  12  0:01  Drone  
  13  0:12  Overlord  
  13  0:17  Drone  
  14  0:31  Drone x2  
  16  0:47  Hatchery  
  15  0:51  Drone  
  15  0:54  Drone  
  17  1:08  Spawning Pool  
  16  1:12  Extractor  
  16  1:13  Drone  
  16  1:16  Drone  
  17  1:20  Drone  
  18  1:28  Drone  
  19  1:47  Overlord  
  19  1:55  Drone, Queen  
  19  1:59  Queen  
  19  2:00  Zergling x4  
  26  2:11  Drone x2  
  28  2:20  Drone  
  28  2:21  Drone  
  30  2:34  Lair  
  30  2:35  Queen  
  32  2:41  Drone  
  32  2:42  Overlord  
  32  2:47  Drone  
  32  2:48  Drone  
  32  2:50  Evolution Chamber  
  33  2:54  Drone x2  
  35  3:06  Roach Warren  
  35  3:08  Drone x3  
  35  3:11  Extractor  
  36  3:13  Drone, Extractor  
  36  3:19  Zerg Missile Weapons Level 1  
  36  3:24  Evolution Chamber  
  36  3:26  Drone x2  
  37  3:30  Drone  
  37  3:31  Drone  
  38  3:35  Overlord  
  38  3:41  Overlord  
  38  3:44  Drone x2  
  38  3:47  Glial Reconstitution  
  40  3:51  Drone x2  
  42  3:56  Drone x2  
  42  3:58  Drone  
  45  4:11  Drone  
  45  4:12  Extractor  
  45  4:13  Drone x3  
  45  4:16  Drone  
  49  4:18  Drone  
  49  4:20  Drone x2, Overlord  
  52  4:26  Roach x2  
  52  4:27  Roach  
  58  4:34  Roach  
  60  4:39  Spire  
  60  4:44  Roach x3  
  65  4:50  Roach  
  67  4:58  Hatchery  
  66  5:02  Roach  
  66  5:04  Overlord x2  
  68  5:13  Zerg Missile Weapons Level 2  
  68  5:17  Overlord x2  
  68  5:23  Roach x2  
  68  5:24  Roach  
  74  5:29  Roach x2  
  78  5:39  Overlord  
  78  5:41  Drone x6  
  82  6:02  Mutalisk x6  
  88  6:09  Roach x3  
  94  6:13  Roach x2  
  94  6:15  Roach  
  94  6:17  Roach  
  102  6:28  Drone x3  
  102  6:30  Extractor  
  102  6:31  Extractor  
  103  6:38  Drone x5  
  103  6:39  Drone  
  109  6:43  Overlord x2  
  109  6:55  Roach x2, Overlord  
  109  6:56  Overlord  
  113  7:12  Mutalisk  
  113  7:13  Mutalisk x5  
  113  7:14  Overlord  
  125  7:19  Overlord  
  125  7:21  Overlord  
  125  7:25  Roach x6  
  137  7:31  Overlord  
  137  7:36  Overlord  
  137  7:37  Mutalisk x3  
  137  7:39  Overlord  
  137  7:41  Overlord  
  143  7:50  Roach x4  
  151  8:05  Roach x5  
  151  8:06  Roach x3  
Show
View Real Time Build Order
Export as new Build Order

Mixu Zerg 

Build Orders: Hatch First 

Get SALT Encoding   

  12  0:00  Drone  
  13  0:12  Overlord  
  13  0:16  Drone  
  14  0:30  Drone  
  14  0:31  Drone  
  16  0:48  Hatchery  
  15  0:51  Drone  
  15  0:54  Drone  
  17  0:59  Drone  
  18  1:08  Extractor  
  17  1:15  Spawning Pool  
  17  1:16  Drone  
  17  1:20  Drone  
  18  1:28  Drone  
  19  1:39  Drone  
  20  1:51  Overlord  
  20  2:01  Queen  
  20  2:02  Queen  
  20  2:03  Zergling x2  
  20  2:04  Drone  
  26  2:11  Metabolic Boost, Drone x2  
  28  2:22  Drone  
  29  2:23  Zergling x2  
  30  2:34  Hatchery  
  30  2:36  Zergling x2  
  30  2:39  Drone  
  31  2:47  Drone  
  31  2:48  Overlord  
  32  2:58  Baneling Nest  
  31  2:59  Drone x2  
  33  3:06  Zergling x4  
  33  3:12  Evolution Chamber  
  35  3:14  Drone x6  
  41  3:22  Overlord  
  41  3:24  Drone  
  42  3:29  Drone  
  42  3:32  Overlord  
  42  3:40  Drone x2  
  44  3:47  Zerg Missile Weapons Level 1  
  44  3:51  Drone x4, Roach Warren  
  47  3:56  Extractor, Overlord  
  46  4:05  Drone x2  
  46  4:06  Drone x2  
  50  4:15  Evolution Chamber  
  49  4:18  Drone  
  49  4:19  Drone x2  
  49  4:22  Drone x7, Extractor  
  58  4:25  Drone x2  
  58  4:27  Drone  
  58  4:29  Lair  
  61  4:31  Roach  
  61  4:35  Roach  
  61  4:37  Overlord  
  65  4:43  Roach  
  67  4:46  Roach  
  67  4:47  Queen, Roach  
  67  4:50  Overlord  
  73  4:59  Roach x4  
  81  5:08  Zerg Ground Armor Level 1  
  81  5:10  Roach  
  81  5:13  Zergling x2, Extractor  
  81  5:14  Zergling x8  
  87  5:20  Overlord  
  87  5:22  Roach  
  87  5:27  Overlord  
  89  5:33  Overlord  
  89  5:35  Overlord  
  88  5:38  Roach x4  
  88  5:39  Overlord  
  96  5:43  Zerg Missile Weapons Level 2  
  96  5:46  Roach  
  95  5:52  Roach x3  
  95  5:56  Drone x2  
  100  5:59  Drone x5  
  100  6:01  Drone x2  
  100  6:02  Drone x3  
  107  6:04  Overseer  
  107  6:19  Glial Reconstitution  
  107  6:20  Drone  
  107  6:21  Drone x3  
  107  6:23  Extractor x2, Roach x2  
  111  6:27  Drone  
  111  6:30  Drone x2  
  111  6:32  Drone  
  114  6:33  Roach  
  114  6:38  Pneumatized Carapace  
  116  6:43  Overlord  
  116  6:44  Roach x4  
  124  6:47  Roach x3  
  124  6:50  Overlord  
  130  6:55  Hydralisk Den  
  130  6:56  Spore Crawler  
  130  6:57  Spore Crawler  
  130  6:59  Hatchery, Spore Crawler  
  123  7:03  Queen  
  123  7:08  Spore Crawler  
  119  7:09  Spore Crawler  
  119  7:12  Drone x2  
  115  7:19  Drone x2  
  115  7:20  Drone  
  114  7:25  Drone x2  
  114  7:29  Drone  
  116  7:30  Drone  
  116  7:34  Drone x2  
  116  7:36  Drone  
  119  7:39  Drone  
  119  7:43  Drone x2  
  120  7:45  Drone  
  120  7:50  Drone x3  
  109  7:53  Drone  
  109  7:58  Lurker Den, Roach  
  101  8:01  Roach  
  101  8:03  Roach  
  95  8:06  Roach  
  95  8:10  Roach x3  
Tags
 
Add a new tag
Caveats
  • Supply blocks, unpowered buildings, or Contaminate may cause inaccurate times.
  • Supply counts are checked every 10 seconds.